 Dungeon Crawl Stone Soup version 0.25-a0-58-g9dd530fc12 (webtiles) character file.

Game seed: 17979605895553872517, levelgen mode: deterministic

32125 tasslehoff345 the Basher (level 13, 0/99 (100) HPs)
             Began as a Demonspawn Gladiator on Oct 26, 2019.
             Was the Champion of Okawaru.
             Slain by a death yak (9 damage)
             ... on level 4 of the Lair of Beasts.
             The game lasted 00:45:04 (11206 turns).

tasslehoff345 the Basher (Demonspawn Gladiator)    Turns: 11206, Time: 00:45:05

HP:   0/99 (100)    AC: 23    Str: 19    XL:     13   Next: 29%
MP:   19/19         EV: 15    Int: 10    God:    Okawaru [******]
Gold: 734           SH:  5    Dex: 15    Spells: 12/12 levels left

rFire    x . .     SeeInvis .   W - +3 morningstar (freeze)
rCold    + + .     Gourm    .   w - +2 buckler {AC+3}
rNeg     . . .     Faith    .   t - +2 ice dragon scales
rPois    +         Spirit   .   c - +0 helmet
rElec    .         Reflect  .   Z - +0 cloak {rPois}
rCorr    .         Harm     .   (no gloves)
MR       .....                  (no boots)
Stlth    ++........             (no amulet)
HPRegen  0.26/turn              n - +2 ring of protection
MPRegen  0.16/turn              z - +2 ring of protection

@: no status effects
A: claws 1, repulsion field 1, nightstalker 2, spiny 3
a: Heroism, Finesse, Renounce Religion


You were on level 4 of the Lair of Beasts.
You worshipped Okawaru.
Okawaru was exalted by your worship.
You were hungry.

You visited 2 branches of the dungeon, and saw 14 of its levels.
You also visited: Ossuary.

You collected 946 gold pieces.
You spent 212 gold pieces at shops.

Inventory:

Hand Weapons
 j - a +1 great mace of venom
 l - the +0 quarterstaff of Severance {flame, +Rage rC- MR+ Dex+7}
   (Okawaru gifted it to you on level 9 of the Dungeon)

   It has been specially enchanted to burn those struck by it, causing extra
   injury to most foes and up to half again as much damage against particularly
   susceptible opponents.
   It affects your dexterity (+7).
   It makes you vulnerable to cold.
   It affects your resistance to hostile enchantments.
   It lets you go berserk.
 M - the +7 long sword of the Dead {slice, +Fly SInv Stlth-}
   (You bought it in a shop on level 5 of the Dungeon)

   It inflicts extra damage upon your enemies.
   It lets you see invisible.
   It lets you fly.
   It makes you less stealthy.
 W - a +3 morningstar of freezing (weapon)
Missiles
 a - 12 javelins (quivered)
 d - 7 throwing nets
 N - 47 poisoned darts
Armour
 c - a +0 helmet (worn)
 t - +2 ice dragon scales (worn)
 w - a +2 buckler of protection (worn)
 B - a +3 leather armour of fire resistance
 D - the +0 leather armour of the Dwarven Hall {Str+7, unknown}
   (You found it on level 9 of the Dungeon)

   It affects your strength (+7).
 F - a +4 chain mail
 J - a +2 ring mail of magic resistance
 Z - a +0 cloak of poison resistance (worn)
Jewellery
 n - a +2 ring of protection (left claw)
 y - an uncursed ring of flight
 z - a +2 ring of protection (right claw)
 G - an uncursed ring of see invisible
Wands
 q - a wand of iceblast (13)
 x - a wand of paralysis (7)
 H - a wand of disintegration (11)
 O - a wand of digging (5)
Scrolls
 e - 2 scrolls of identify
 m - 6 scrolls of teleportation
 o - 4 scrolls of amnesia
 p - 8 scrolls of remove curse
 r - 2 scrolls of enchant weapon
 A - a scroll of magic mapping {unknown}
 E - a scroll of fear
 I - 3 scrolls of blinking
 L - a scroll of torment
 T - 2 scrolls of vulnerability
 U - 6 scrolls of immolation
 X - a scroll of fog
Potions
 g - 4 potions of heal wounds
 h - 2 potions of agility
 i - 2 potions of mutation
 k - 4 potions of haste
 s - a potion of cancellation {unknown}
 u - 2 potions of ambrosia {unknown}
 v - 6 potions of flight {unknown}
 C - 2 potions of invisibility {unknown}
 K - 6 potions of curing {unknown}
 P - a potion of berserk rage {unknown}
 Q - a potion of resistance {unknown}
 R - 3 potions of lignification {unknown}
 S - 2 potions of might {unknown}
 V - a potion of brilliance {unknown}
 Y - 4 potions of degeneration {unknown}
Miscellaneous
 b - a lamp of fire (inert)
Comestibles
 f - 17 rations


   Skills:
 + Level 8.8 Fighting
 * Level 12.8 Maces & Flails
   Level 0.9 Polearms
 + Level 7.9 Throwing
 + Level 7.2 Armour
 + Level 7.3 Dodging
 + Level 8.3 Invocations
 + Level 6.2 Evocations


You had 12 spell levels left.
You didn't know any spells.
Your spell library contained the following spells:

 Spells                   Type           Power        Failure   Level  Hunger
 Animate Skeleton         Necr           N/A          91%         1    ##.....
 Beastly Appendage        Tmut           #.....       91%         1    ##.....
 Pain                     Necr           #...         91%         1    ##.....
 Shock                    Conj/Air       #...         91%         1    ##.....
 Summon Butterflies       Summ           #.......     91%         1    ##.....
 Sticks to Snakes         Tmut           #.......     97%         2    ###....
 Swiftness                Chrm/Air       #.......     97%         2    ###....
 Call Canine Familiar     Summ           #.......     99%         3    ####...
 Recall                   Summ/Tloc      N/A          99%         3    ####...
 Regeneration             Chrm/Necr      #.........   99%         3    ####...
 Spider Form              Tmut/Pois      #.........   99%         3    ####...
 Static Discharge         Conj/Air       #.......     99%         3    ####...
 Vampiric Draining        Necr           #.........   99%         3    ####...
 Airstrike                Air            #.........   100%        4    #####..
 Animate Dead             Necr           N/A          100%        4    #####..
 Ice Form                 Ice/Tmut       #.......     100%        4    #####..
 Summon Ice Beast         Ice/Summ       #.......     100%        4    #####..
 Blade Hands              Tmut           #.........   100%        5    ######.
 Borgnjor's Vile Clutch   Necr/Erth      #.........   100%        5    ######.
 Lightning Bolt           Conj/Air       #.........   100%        5    ######.
 Summon Mana Viper        Hex/Summ       #.......     100%        5    ######.
 Death Channel            Necr           #.........   100%        6    #######
 Simulacrum               Ice/Necr       #.........   100%        6    #######
 Summon Hydra             Summ           #.........   100%        7    #######


Dungeon Overview and Level Annotations

Branches:
Dungeon (10/15)            Temple (0/1) D:5            Lair (4/6) D:10
  Swamp (0/4) Lair:3        Snake (0/4) Lair:3      Ossuary (visited)
    Orc: D:9-12

Altars:
Ashenzari
Dithmenos
Kikubaaqudgha
Okawaru
Qazlal
Sif Muna
Trog
Xom
Zin

Shops:
D:5 *}:=

Annotations:
Lair:3 exclusion: oklob plant


Innate Abilities, Weirdness & Mutations

You have sharp fingernails.
You are surrounded by a mild repulsion field. (EV +2)
You are significantly more attuned to the shadows.
You are completely covered in sharp spines.


Message History

You puncture the death yak! You freeze the death yak.
The death yak is almost dead.
The death yak is struck by your spines.
You kill the death yak!
Okawaru accepts your kill.
You hit the death yak but do no damage. The death yak gores you.
* * * LOW HITPOINT WARNING * * *
You hit the death yak. You freeze the death yak.
The death yak is lightly wounded.
You hit the death yak. You freeze the death yak.
The death yak is lightly wounded.
The death yak is struck by your spines. The death yak gores you!
* * * LOW HITPOINT WARNING * * *
You puncture the death yak! You freeze the death yak.
The death yak is moderately wounded.
The death yak barely misses you.
You sock the death yak! You freeze the death yak.
The death yak is heavily wounded.
The death yak gores you!
You die...

.... .Y.....#
.Y.....##
.Y.⌠.#..##
.#...#...#
.Y...#@##
#.(..Y#.#####
.#(..##.....#
.(....##..###
.#.#.#..#.⌠.##
.......#.....#
...⌠....÷.<.⌠#
.....#.....#
..##.##.⌠.##


You could see a death yak.

Vanquished Creatures
  3 hydras
  A tengu warrior (D:9)
  3 two-headed ogres
  8 death yaks
  Urug (Lair:3)
  Pikel (D:5)
  An oklob plant (Lair:3)
  Maurice (D:8)
  5 black mambas
  5 spiny frogs
  A rime drake (Lair:1)
  4 komodo dragons
  2 tyrant leeches (Lair:3)
  A troll (D:10)
  Grinder (D:6)
  A slime creature (Lair:1)
  7 blink frogs
  2 hippogriffs
  A wyvern (D:9)
  22 yaks
  2 basilisks (Lair:1)
  Sigmund (D:2)
  2 hungry ghosts
  Menkaure (D:7)
  A soldier ant (D:10)
  2 swamp worms (Lair:3)
  16 water moccasins
  5 orc warriors
  4 porcupines
  5 ice beasts
  A black bear (D:6)
  2 sky beasts (D:10)
  2 necrophages
  3 ogres
  11 wolves
  6 centaurs
  8 crocodiles
  A big kobold (D:10)
  2 elf zombies (Ossuary)
  8 bullfrogs
  A wyvern skeleton (D:10)
  3 scorpions
  4 killer bees (D:9)
  3 wights (D:8)
  2 howler monkeys
  12 jellies
  4 crimson imps
  9 hounds
  4 centaur zombies
  Crazy Yiuf (D:3)
  A gnoll shaman (D:8)
  6 orc priests
  A centaur skeleton (D:8)
  15 orc wizards
  Jessica (D:2)
  6 worker ants
  Ijyb (D:3)
  Natasha (twice) (D:3)
  A killer bee zombie (D:10)
  3 big kobold zombies (Ossuary)
  3 hound zombies
  2 hound skeletons (D:10)
  4 mummies
  12 gnolls
  17 adders
  A shadow imp (D:10)
  22 oozes
  3 adder zombies (Ossuary)
  An adder skeleton (D:4)
  5 worms
  2 dart slugs (D:1)
  4 leopard geckos
  36 orcs
  A giant cockroach (D:3)
  9 goblins
  3 hobgoblins
  6 jackals
  5 kobolds
  3 quokkas
  6 ball pythons
  6 bats
  3 frilled lizards
  A gnoll zombie (Ossuary)
  3 goblin zombies (Ossuary)
  A hobgoblin zombie (Ossuary)
  7 jackal zombies
  3 kobold zombies (Ossuary)
  2 leopard gecko skeletons
  2 orc zombies (Ossuary)
  3 quokka zombies (Ossuary)
  11 rats
  3 rat zombies (Ossuary)
424 creatures vanquished.

Vanquished Creatures (others)
  A scorpion (D:5)
  4 fungi (Lair:1)
  4 plants
9 creatures vanquished.

Grand Total: 433 creatures vanquished

Notes
Turn   | Place    | Note
-------+----------+-------------------------------------------
     0 | D:1      | tasslehoff345 the Demonspawn Gladiator began the quest for
                  | the Orb.
     0 | D:1      | Reached XP level 1. HP: 16/16 MP: 1/1
   142 | D:1      | Gained mutation: You are partially covered in sharp spines.
                  | [demonic ancestry]
   142 | D:1      | Reached XP level 2. HP: 22/22 MP: 2/2
   234 | D:1      | Reached skill level 3 in Maces & Flails
   588 | D:2      | Gained mutation: You are mostly covered in sharp spines.
                  | [demonic ancestry]
   588 | D:2      | Reached XP level 3. HP: 27/28 MP: 3/3
   793 | D:2      | Found an iron altar of Okawaru.
   801 | D:2      | Became a worshipper of Warmaster Okawaru
   933 | D:2      | Found a shimmering blue altar of Sif Muna.
   933 | D:2      | Noticed Jessica
  1078 | D:2      | Noticed Sigmund
  1093 | D:2      | Killed Sigmund
  1093 | D:2      | Reached * piety under Okawaru
  1093 | D:2      | Reached skill level 4 in Maces & Flails
  1093 | D:2      | Reached skill level 1 in Armour
  1093 | D:2      | Gained mutation: You are completely covered in sharp
                  | spines. [demonic ancestry]
  1093 | D:2      | Reached XP level 4. HP: 27/35 MP: 4/4
  1093 | D:2      | Gained mutation: You are surrounded by a mild repulsion
                  | field. (EV +2) [demonic ancestry]
  1093 | D:2      | Reached XP level 5. HP: 31/41 MP: 5/5
  1323 | D:3      | Gained mutation: You have sharp fingernails. [demonic
                  | ancestry]
  1323 | D:3      | Reached XP level 6. HP: 46/47 MP: 6/6
  1342 | D:3      | Noticed Ijyb
  1353 | D:3      | Killed Ijyb
  1395 | D:3      | Reached skill level 5 in Maces & Flails
  1509 | D:3      | Found a stormy altar of Qazlal.
  1538 | D:3      | Noticed Natasha
  1549 | D:3      | Killed Natasha
  1627 | D:2      | Killed Jessica
  1627 | D:2      | Reached ** piety under Okawaru
  1627 | D:2      | Reached XP level 7. HP: 43/52 MP: 7/7
  1697 | D:3      | Noticed Natasha
  1706 | D:3      | Killed Natasha
  1726 | D:3      | Found a runed translucent door.
  1727 | D:3      | Noticed Crazy Yiuf
  1831 | D:3      | Killed Crazy Yiuf
  1936 | D:4      | Found a shimmering altar of Xom.
  2130 | D:4      | Reached skill level 6 in Maces & Flails
  2582 | D:5      | Entered Level 5 of the Dungeon
  2586 | D:5      | Noticed Pikel
  2599 | D:5      | Killed Pikel
  2599 | D:5      | Reached *** piety under Okawaru
  2599 | D:5      | Reached skill level 7 in Maces & Flails
  2599 | D:5      | Reached XP level 8. HP: 53/60 MP: 8/8
  2646 | D:5      | Found Caituguf's Book Shoppe.
  2664 | D:5      | Found a glowing silver altar of Zin.
  2754 | D:5      | Found Plog's Jewellery Emporium.
  2779 | D:5      | Found Zuasau's Gadget Emporium.
  2856 | D:5      | Found a staircase to the Ecumenical Temple.
  3064 | D:5      | Found Cyr Bukk's Assorted Antiques.
  3072 | D:5      | Bought a crystal long sword for 212 gold pieces
  3072 | D:5      | Identified the +7 long sword of the Dead {slice, +Fly SInv
                  | Stlth-} (You bought it in a shop on level 5 of the Dungeon)
  3270 | D:6      | Noticed Grinder
  3280 | D:6      | Killed Grinder
  3335 | D:6      | Found a shattered altar of Ashenzari.
  3341 | D:6      | Found an ancient bone altar of Kikubaaqudgha.
  3413 | D:6      | Reached XP level 9. HP: 34/66 MP: 9/9
  3465 | D:6      | Reached **** piety under Okawaru
  3526 | D:6      | Reached skill level 8 in Maces & Flails
  3530 | D:6      | Found a sand-covered staircase.
  3537 | Ossuary  | Entered an ossuary
  3741 | Ossuary  | Reached skill level 5 in Armour
  3794 | D:6      | Reached skill level 5 in Fighting
  4303 | D:7      | Reached skill level 9 in Maces & Flails
  4512 | D:7      | Noticed Menkaure
  4519 | D:7      | Killed Menkaure
  4520 | D:7      | Received a gift from Okawaru
  4755 | D:8      | Reached ***** piety under Okawaru
  4822 | D:8      | Noticed a two-headed ogre
  4828 | D:8      | Killed a two-headed ogre
  4828 | D:8      | Received a gift from Okawaru
  4828 | D:8      | Reached skill level 5 in Throwing
  4828 | D:8      | Gained mutation: You are slightly more attuned to the
                  | shadows. [demonic ancestry]
  4828 | D:8      | Reached XP level 10. HP: 76/76 MP: 10/10
  4833 | D:8      | Reached skill level 10 in Maces & Flails
  5101 | D:8      | Noticed Maurice
  5111 | D:8      | Killed Maurice
  5111 | D:8      | Reached skill level 1 in Invocations
  5111 | D:8      | Reached skill level 1 in Evocations
  5323 | D:9      | Found a shadowy altar of Dithmenos.
  5359 | D:9      | Noticed a two-headed ogre
  5369 | D:9      | Killed a two-headed ogre
  5398 | D:9      | Reached ****** piety under Okawaru
  5427 | D:9      | Noticed a tengu warrior
  5446 | D:9      | Killed a tengu warrior
  5446 | D:9      | Received a gift from Okawaru
  5446 | D:9      | Reached skill level 5 in Dodging
  5446 | D:9      | Reached XP level 11. HP: 12/82 MP: 13/13
  5449 | D:9      | Got an iridescent quarterstaff {god gift}
  5450 | D:9      | Identified the +0 quarterstaff of Severance {flame, +Rage
                  | rC- MR+ Dex+7} (Okawaru gifted it to you on level 9 of the
                  | Dungeon)
  5800 | D:10     | Entered Level 10 of the Dungeon
  5820 | D:9      | Got a garnet-encrusted leather armour
  6030 | D:10     | Found a bloodstained altar of Trog.
  6281 | D:10     | Found a staircase to the Lair.
  6304 | D:10     | Reached skill level 11 in Maces & Flails
  6376 | D:10     | Noticed a two-headed ogre
  6387 | D:10     | Killed a two-headed ogre
  6693 | Lair:1   | Entered Level 1 of the Lair of Beasts
  6709 | Lair:1   | Noticed an eight-headed hydra
  6880 | D:10     | Killed an eight-headed hydra
  6880 | D:10     | Received a gift from Okawaru
  6936 | Lair:1   | Reached skill level 5 in Invocations
  6950 | Lair:1   | Received a gift from Okawaru
  7036 | Lair:1   | Noticed a five-headed hydra
  7041 | Lair:1   | Killed a five-headed hydra
  8054 | Lair:2   | Gained mutation: You are significantly more attuned to the
                  | shadows. [demonic ancestry]
  8054 | Lair:2   | Reached XP level 12. HP: 79/91 MP: 16/16
  8470 | Lair:2   | Noticed a four-headed hydra
  8480 | Lair:2   | Killed a four-headed hydra
  8480 | Lair:2   | Reached skill level 12 in Maces & Flails
  8481 | Lair:2   | Reached skill level 5 in Evocations
  8482 | Lair:2   | Received a gift from Okawaru
  8777 | Lair:2   | Noticed a death yak
  8779 | Lair:2   | Noticed a death yak
  8779 | Lair:2   | Noticed a death yak
  8782 | Lair:2   | Noticed a death yak
  8784 | Lair:2   | Killed a death yak
  8784 | Lair:2   | Received a gift from Okawaru
  8787 | Lair:2   | Killed a death yak
  8989 | Lair:2   | HP: 4/91 [death yak (13)]
  9349 | Lair:2   | Killed a death yak
  9357 | Lair:2   | Killed a death yak
  9749 | Lair:3   | Found a staircase to the Swamp.
 10476 | Lair:3   | Found a glowing silver altar of Zin.
 10498 | Lair:3   | Noticed Urug
 10511 | Lair:3   | Killed Urug
 10519 | Lair:3   | Reached XP level 13. HP: 51/98 MP: 11/18
 10636 | Lair:3   | Found a staircase to the Snake Pit.
 11206 | Lair:4   | Slain by a death yak

Levels and vault maps discovered:
D:1:      scummos_arrival_gate, layout_basic
D:2:      layout_basic, nicolae_overflow_hidden_temple,
          overflow_temple_1_default, minmay_pentomino_v2, uniq_sigmund,
          uniq_jessica
D:3:      layout_rooms, grunt_qazlal_sundering, first_ration, uniq_ijyb,
          uniq_crazy_yiuf_cottage, uniq_natasha
D:4:      layout_gridville, xom_teletrap_fun
D:5:      layout_loops_ring, zin_statuary, minmay_temple_entry_glassed_door,
          serial_shops, shop_statue, nicolae_shop_waterfront, shop, shop,
          uniq_pikel
D:6:      layout_cave_pools, lemuel_round_altar, gup_ossuary_entry_pyramid,
          ashenzari_altar_1, uniq_grinder
D:7:      layout_basic, uniq_menkaure
D:8:      layout_cave_pools, uniq_maurice
D:9:      layout_basic, lemuel_doored_altar, basic_altar,
          hangedman_little_slice_of_home, small_chamber_with_monster
D:10:     layout_long_grid, david_lair_shrubbed, basic_altar, minmay_bent
Lair:1:   lemuel_slime, layout_concentric_octagons
Lair:2:   layout_cave_pods, grunt_megastairs_2
Lair:3:   layout_hall_layers, minmay_swamp_entry_worms,
          minmay_snake_entry_six_corridors, minmay_lair_oklob_items,
          chequers_serial_rivers_room_a, lemuel_oklob_altar, uniq_urug
Lair:4:   layout_big_grid, minmay_hedge_maze, st_stairs_4, beast_lair_carwin_8,
          serial_bayou_shore_a, grunt_megastairs_1, infiniplex_staircase_pool

Skill      XL: |  1  2  3  4  5  6  7  8  9 10 11 12 13 |
---------------+----------------------------------------+-----
Maces & Flails | 3 4 5 7 9 10 11 12 | 12.8
Throwing       | 2 3 4 5 6 7 |  7.9
Dodging        | 3 4 5 6 7 |  7.3
Fighting       | 3 4 5 6 7 8 |  8.8
Armour         | 1 2 3 4 5 6 7 |  7.2
Invocations    | 3 5 7 8 |  8.3
Evocations     | 2 4 5 6 |  6.2
Polearms       | |  0.9

Action                   |  1- 3 |  4- 6 |  7- 9 | 10-12 | 13-15 || total
-------------------------+-------+-------+-------+-------+-------++-------
Melee: Flail             |    63 |    67 |    75 |       |       ||   205
       Scythe            |       |    15 |       |       |       ||    15
       Morningstar       |       |       |   209 |   501 |   103 ||   813
Throw: Throwing net      |     2 |       |       |       |       ||     2
       Boomerang         |       |       |    43 |       |       ||    43
       Javelin           |       |       |     9 |    62 |     8 ||    79
       Dart              |       |       |     7 |       |       ||     7
Invok: Heroism           |       |       |       |     4 |       ||     4
       Finesse           |       |       |       |     2 |       ||     2
Evoke: Wand              |       |       |     1 |     8 |     1 ||    10
       Lamp of fire      |       |       |       |       |     1 ||     1
  Use: Scroll            |       |       |       |     2 |    15 ||    17
  Eat: Chunk             |       |     2 |     9 |    13 |     2 ||    26
       Ration            |       |       |     1 |     2 |       ||     3
Armor: Leather armour    |     5 |       |       |       |       ||     5
       Ring mail         |    19 |       |       |       |       ||    19
       Chain mail        |     6 |    51 |   171 |   228 |       ||   456
       Ice dragon scales |       |       |       |    26 |    27 ||    53
Dodge: Dodged            |    46 |    49 |   161 |   244 |    28 ||   528
Block: Buckler           |       |       |       |   102 |    13 ||   115

Table legend:
 A = Non-vault XP
 B = Vault XP
 C = Vault XP percentage of total XP
 D = Non-vault monster count
 E = Vault monster count
 F = Vault count percentage of total count
                 A         B        C        D         E       F
            +---------+---------+-------+---------+---------+-------
      Total |   28549 |   17345 |  37.8 |     302 |     122 |  28.8
            +---------+---------+-------+---------+---------+-------
        D:1 |      25 |       0 |   0.0 |      14 |       0 |   0.0
        D:2 |      46 |     245 |  84.2 |      21 |       2 |   8.7
        D:3 |     407 |     113 |  21.7 |      43 |       3 |   6.5
        D:4 |     326 |       0 |   0.0 |      17 |       0 |   0.0
        D:5 |     166 |     629 |  79.1 |      10 |       1 |   9.1
        D:6 |    1346 |     308 |  18.6 |      29 |       2 |   6.5
        D:7 |     861 |     172 |  16.7 |      18 |       1 |   5.3
        D:8 |    2522 |     462 |  15.5 |      33 |       1 |   2.9
        D:9 |    2507 |    1091 |  30.3 |      20 |       9 |  31.0
       D:10 |    3751 |     827 |  18.1 |      21 |       8 |  27.6
     Lair:1 |    4832 |     630 |  11.5 |      23 |      23 |  50.0
     Lair:2 |    6192 |    4005 |  39.3 |      28 |       5 |  15.2
     Lair:3 |    4770 |    4192 |  46.8 |      21 |      22 |  51.2
     Lair:4 |     798 |    4130 |  83.8 |       4 |       7 |  63.6
    Ossuary |       0 |     541 | 100.0 |       0 |      38 | 100.0
            +---------+---------+-------+---------+---------+-------
